 Dungeon Sprint DCSS version 0.30-a0-618-gd6c86c23d0 (webtiles) character file.

Game seed: 6748046892653578968

1461 Leeroy the Fencer (level 8, -5/75 HPs)
             Began as a Merfolk Gladiator on Jan 9, 2023.
             Was an Initiate of Wu Jian.
             Slain by a polar bear (6 damage)
             ... in the Dungeon (Sprint II: "The Violet Keep of Menkaure").
             The game lasted 00:05:35 (720 turns).

Leeroy the Fencer (Merfolk Gladiator)                Turns: 720, Time: 00:05:36

Health: -5/75      AC:  4    Str: 12    XL:     8   Next: 77%
Magic:  7/7        EV: 26    Int:  8    God:    Wu Jian [......]
Gold:   504        SH:  0    Dex: 17    Spells: 7/7 levels left

rFire   . . .      SeeInvis .    a - +0 long sword
rCold   . . .      Faith    .    (no shield)
rNeg    . . .      Spirit   .    b - +0 leather armour
rPois   .          Reflect  .    c - +0 helmet
rElec   .          Harm     .    (no cloak)
rCorr   .          Rampage  .    (no gloves)
Will    .....      NoTele   +    (no boots) Stlth
                                 (no amulet)
HPRegen 0.32/turn                l - +5 ring of evasion
MPRegen 0.10/turn                (no ring)

@: berserking (expiring), lethally poisoned (-5 -> -6), very quick
A: (nimble swimmer 2), mertail, frail 1, low MP 1, weak 1
a: Renounce Religion


You were in the Dungeon.
You worshipped Wu Jian.
Wu Jian was noncommittal.
You visited 1 branch You collected 972 gold pieces.
You spent 468 gold pieces at shops.

Inventory:

Hand Weapons
 a - a +0 long sword (weapon)
Missiles
 e - a javelin (quivered)
Armour
 b - a +0 leather armour (worn)
 c - a +0 helmet (worn)
Jewellery
 l - a +5 ring of evasion (left hand)
Potions
 h - a potion of haste
 i - 2 potions of magic


   Skills:
 - Level 2.1 Fighting
 - Level 16.8 Long Blades
 - Level 2.0 Throwing
 + Level 16.7 Dodging


You had 7 spell levels left.
You didn't know any spells.
Your spell library was empty.

Dungeon Overview and Level Annotations

Branches:
Dungeon (1/1)

Altars:
Cheibriados
Dithmenos
Elyvilon
Fedhas
Gozag
Hepliaklqana
Kikubaaqudgha
Makhleb
Nemelex Xobeh
Okawaru
Qazlal
Ru
Sif Muna
Trog
Uskayaw
Vehumet
Wu Jian
Xom
Yredelemnul
Zin
The Shining One
Jiyva
Lugonu

Shops:
D :?=?!:[[(!!=(?(

Annotations:
D exclusions: obsidian statue and oklob plant, Roxanne


Innate Abilities, Weirdness & Mutations

((You are very nimble when in or above water. (Stealth+, EV+, Speed+++)))
Your lower body shifts to a powerful aquatic tail in water.
You are frail. (-10% HP)
Your magical capacity is low. (-10% MP)
You are weak. (Str -2)


Message History

You feel sick. The polar bear completely misses you. The polar bear claws you.
The polar bear completely misses you. The hornet barely misses you.
You hit the hornet.
The hornet is heavily wounded.
You feel sick. The hornet completely misses you.
You closely miss the hornet.
The hornet is heavily wounded.
The polar bear completely misses you. The polar bear barely misses you.
The polar bear misses you.
You miss the hornet.
The hornet is heavily wounded.
You feel sick. The hornet completely misses you.
You slash the hornet!
You kill the hornet!
The Council accepts your kill.
You feel sick. The polar bear bites you!
* * * LOW HITPOINT WARNING * * *
The polar bear claws you but does no damage.
The polar bear barely misses you.
Your Dodging skill increases to level 16!
Found a scroll labelled VAIGHE YNWU.
You feel sick. The polar bear bites you!
* * * LOW HITPOINT WARNING * * *
The polar bear misses you. x2
You slash the polar bear!
The polar bear is moderately wounded.
You hit the polar bear.
The polar bear is moderately wounded.
* * * LOW HITPOINT WARNING * * *
You feel sick. The polar bear misses you. The polar bear closely misses you.
The polar bear completely misses you.
You are too berserk!
You are too berserk!
You hit the polar bear.
You punch the polar bear, but do no damage.
The polar bear is heavily wounded.
You barely miss the polar bear.
The polar bear is heavily wounded.
* * * LOW HITPOINT WARNING * * *
You feel sick. The polar bear bites you.
You die... .#..# #..# .# $$$[

#'..### ..##.#▓[))!!!?
.#....###...##▓▓▓▓▓▓▓
##......~(~~~~~~hh~~
#~~.....~#'########+###
~§~~~~..~#_._._...#~§~##
~~§~~~~.~#._._._._#~~§§##
~≈≈≈§~~~~#_._._._.#S§§~≈#
~~§≈≈≈~~~#._._._@_#S~§≈≈≈
~§≈≈≈§§≈†#.._._.h.#S~§~~§
#≈§≈###≈≈#..._._._#§§~~≈§
##§§ #≈≈#...._._.#§§≈§§≈
+≈§ #≈≈#....._..#§§§§▓▓
≈≈≈##########~≈≈≈▓z
#####~~~~~~~~~≈≈≈≈▓z
≈≈###~########≈▓▓▓▓▓
≈§§≈##~#


You could see 3 polar bears and 3 water moccasins.

Vanquished Creatures
  A merfolk siren (D)
  A hornet (D)
  4 neqoxecs (D)
  A water moccasin (D)
  4 necrophages (D)
  A scorpion (D)
  3 worms (D)
15 creatures vanquished.

Vanquished Creatures (others)
  Menkaure (D)
  A water moccasin (D)
2 creatures vanquished.

Grand Total: 17 creatures vanquished

Notes
Turn   | Place    | Note
-------+----------+-------------------------------------------
     0 | D        | Leeroy the Merfolk Gladiator began the quest for the Orb.
     0 | D        | Reached XP level 1. HP: 16/16 MP: 1/1
     1 | D        | Noticed a merfolk siren
    14 | D        | Killed a merfolk siren
    15 | D        | Reached XP level 2. HP: 22/22 MP: 2/2
    15 | D        | Reached XP level 3. HP: 27/27 MP: 3/3
    15 | D        | Reached XP level 4. HP: 33/33 MP: 4/4
    15 | D        | Reached XP level 5. HP: 38/38 MP: 5/5
    15 | D        | Reached XP level 6. HP: 44/44 MP: 6/6
    19 | D        | Noticed an obsidian statue
    35 | D        | Reached skill level 10 in Dodging
    39 | D        | Noticed Menkaure
    40 | D        | Reached skill level 15 in Long Blades
    40 | D        | Reached XP level 7. HP: 49/50 MP: 7/7
    61 | D        | Found Nini's Antique Armour Shoppe.
    61 | D        | Found Rybur's Distillery.
    61 | D        | Found Wunamma's Antique Weapon Shoppe.
    61 | D        | Found Wakon's Book Emporium.
    61 | D        | Found Isud's Weapon Shoppe.
    61 | D        | Found Ketam's Distillery.
    62 | D        | Found Aceeshed's Magic Scroll Emporium.
    62 | D        | Found Peqeffa's Antique Weapon Shoppe.
    62 | D        | Found Kupluetz's Antique Armour Emporium.
    62 | D        | Found Saqi's Magic Scroll Emporium.
    63 | D        | Found Zoeh's Jewellery Shoppe.
    63 | D        | Found Ragiete's Magic Scroll Emporium.
    64 | D        | Found Hygalew's Jewellery Shoppe.
    64 | D        | Found Ogimn's Distillery.
    65 | D        | Noticed a fire dragon
    65 | D        | Noticed an oklob plant
    66 | D        | Found Hiom's Book Shoppe.
    68 | D        | Noticed a great orb of eyes
   299 | D        | Bought a +5 ring of evasion for 468 gold pieces
   307 | D        | Killed Menkaure
   540 | D        | Identified Roxanne's Handbook of Clay
   540 | D        | Noticed Roxanne
   583 | D        | Noticed a neqoxec
   583 | D        | Noticed a neqoxec
   587 | D        | Gained mutation: Your magical capacity is low. (-10% MP) [a
                  | neqoxec]
   597 | D        | Killed a neqoxec
   598 | D        | Reached XP level 8. HP: 56/56 MP: 7/7
   621 | D        | Gained mutation: You are frail. (-10% HP) [a neqoxec]
   639 | D        | Gained mutation: You are weak. (Str -2) [a neqoxec]
   642 | D        | Reached skill level 15 in Dodging
   676 | D        | Found an iron altar of Okawaru.
   676 | D        | Found an opulent altar of Gozag.
   678 | D        | Found a sparkling altar of Nemelex Xobeh.
   678 | D        | Found a blossoming altar of Fedhas.
   684 | D        | Found a radiant altar of Vehumet.
   684 | D        | Found a burning altar of Makhleb.
   684 | D        | Found a white marble altar of Elyvilon.
   685 | D        | Found a hide-covered altar of Uskayaw.
   685 | D        | Found a corrupted altar of Lugonu.
   685 | D        | Found a shadowy altar of Dithmenos.
   686 | D        | Found a bloodstained altar of Trog.
   686 | D        | Found a glowing silver altar of Zin.
   686 | D        | Found an ancient bone altar of Kikubaaqudgha.
   686 | D        | Found a snail-covered altar of Cheibriados.
   686 | D        | Noticed a polar bear
   686 | D        | Noticed a polar bear
   687 | D        | Found a basalt altar of Yredelemnul.
   687 | D        | Found a shimmering blue altar of Sif Muna.
   687 | D        | Found a viscous altar of Jiyva.
   687 | D        | Noticed a hornet
   696 | D        | Found a shimmering altar of Xom.
   696 | D        | Found a sacrificial altar of Ru.
   697 | D        | Found a glowing golden altar of the Shining One.
   697 | D        | Found an ornate altar of the Wu Jian Council.
   697 | D        | Found a stormy altar of Qazlal.
   697 | D        | Found a hazy altar of Hepliaklqana.
   697 | D        | Noticed a polar bear
   699 | D        | Paralysed by a hornet for 3 turns
   702 | D        | HP: 2/50 [hornet (3)]
   704 | D        | Noticed a flying skull
   705 | D        | Noticed a flying skull
   705 | D        | Became a worshipper of the Wu Jian Council
   708 | D        | Noticed a flying skull
   715 | D        | Killed a hornet
   716 | D        | HP: 3/75 [polar bear (12)]
   720 | D        | HP: 1/75 [poisoned by a hornet]
   720 | D        | Slain by a polar bear

Illustrated notes

Levels and vault maps discovered:
D:        the_violet_keep_of_menkaure [sprint2_stairs_cluster_1,
          sprint2_shoproom, sprint2_temple, sprint2_basic_supplies,
          sprint2_obstacle_3, sprint2_obstacle_4, sprint2_obstacle_6,
          sprint2_obstacle_2, sprint2_obstacle_5, sprint2_timed_cluster_1,
          sprint2_smallroom_cluster_1, sprint2_smallroom_final_cluster_1,
          sprint2_transparent_cluster_1, sprint2_second_timed_cluster_1,
          sprint2_sniper_area_1, sprint2_heavy_combat_area_1,
          sprint2_mutation_trap_area_1, sprint2_forest_area_1,
          sprint2_light_combat_area_1, sprint2_behind_water_1,
          sprint2_near_end_vault_1]

Skill      XL: |  1  2  3  4  5  6  7  8 |
---------------+-------------------------+-----
Long Blades    | 13 15 16 | 16.8
Dodging        | 9 10 13 16 | 16.7
Fighting       | |  2.1
Throwing       | |  2.0

Action                   |  1- 3 |  4- 6 |  7- 9 || total
-------------------------+-------+-------+-------++-------
Melee: Long sword        |    10 |    12 |    91 ||   113
       Punch             |       |       |     1 ||     1
Throw: Throwing net      |     1 |       |     3 ||     4
  Use: Potion            |       |       |     3 ||     3
       Scroll            |       |       |     1 ||     1
 Stab: Sleeping          |       |       |     3 ||     3
       Held in net/web   |       |       |     1 ||     1
Armor: Leather armour    |       |     2 |     3 ||     5
Dodge: Dodged            |       |     4 |    62 ||    66

Table legend: (Time is in decaauts)
 A = Elapsed time spent in this place.
 B = Non-inter-level travel time spent in this place.
 C = Inter-level travel time spent in this place.
 D = Time resting spent in this place.
 E = Time spent auto-exploring this place.
 F = Levels seen in this place.
 G = Mean time per level.
                   A        B        C        D        E       F      G
               +--------+--------+--------+--------+--------+-----+--------+
         Total |    674 |    664 |     10 |    378 |     30 |   1 |  674.0 |
       Dungeon |    674 |    664 |     10 |    378 |     30 |   1 |  674.0 |
               +--------+--------+--------+--------+--------+-----+--------+

Top non-repeatable levels by time:
       D: 674 daAuts
